 Dungeon Sprint DCSS version 0.29-a0-297-g7659ce593d (webtiles) character file.

Game seed: 9826769237344642080

3200000 namelastname112 the Axe Maniac (level 20, -35/197 HPs)
             Began as a Demonspawn Gladiator on Mar 21, 2022.
             Was the Champion of Makhleb.
             Annihilated by a large bag of meat
             ... wielding a +9 giant spiked club
              (47 damage)
             ... in the Dungeon (Sprint VIII: "Arena of Blood").
             The game lasted 00:01:01 (32 turns).

namelastname112 the Axe Maniac (Demonspawn Gladiator) Turns: 32, Time: 00:01:01

Health: -35/197    AC:  7    Str: 17    XL:     20   Next: 65%
Magic:  17/42      EV: 35    Int: 12    God:    Makhleb [******]
Gold:   0          SH:  0    Dex: 19    Spells: 56/56 levels left

rFire   . . .      SeeInvis .   l - +∞ Axe of Woe
rCold   . . .      Faith    .   (shield currently unavailable)
rNeg    . . .      Spirit   .   b - +0 leather armour
rPois   .          Reflect  .   c - +0 helmet
rElec   .          Harm     .   (no cloak)
rCorr   .          Rampage  .   (no gloves)
Will    ++...      NoTele   +   (boots unavailable)
Stlth   +++++++...              (no amulet)
HPRegen 10.42/turn              (no ring)
MPRegen 0.28/turn               (no ring)

@: repel missiles
A: hooves 3, repulsion field 3, powered by death 3, spiny 3, torment resistance
1, demonic willpower
a: Renounce Religion, Minor Destruction, Lesser Servant of Makhleb, Major
Destruction, Greater Servant of Makhleb


You were in the Dungeon.
You worshipped Makhleb.
Makhleb was exalted by your worship.
You visited 1 branch

Inventory:

Hand Weapons
 a - a +0 war axe
 l - the +∞ Axe of Woe (weapon)
   (You found it in the Dungeon)
Missiles
 d - 3 throwing nets (quivered)
 e - a javelin
Armour
 b - a +0 leather armour (worn)
 c - a +0 helmet (worn)
Scrolls
 k - a scroll of blinking
Potions
 f - a potion of curing
 g - a potion of heal wounds
 h - a potion of haste
 i - 2 potions of magic
 j - a potion of berserk rage


   Skills:
 O Level 27 Fighting
 O Level 27 Axes
 + Level 18.7(24.9) Maces & Flails
 + Level 18.7(25.0) Polearms
 + Level 18.7(25.0) Slings
 O Level 27 Throwing
 + Level 18.7 Armour
 O Level 27 Dodging
 + Level 20.2 Stealth
 + Level 18.8 Unarmed Combat
 + Level 18.7 Spellcasting
 + Level 25.4 Invocations


You had 56 spell levels left.
You didn't know any spells.
Your spell library was empty.

Dungeon Overview and Level Annotations

Branches:
Dungeon (1/1)

Altars:
Makhleb

Annotations:
D The Servant


Innate Abilities, Weirdness & Mutations

You have hooves in place of feet.
You are surrounded by a strong repulsion field. (EV +4, RMsl)
You regenerate a lot of health from kills.
You are completely covered in sharp spines.
You are resistant to unholy torment.
You punish those that try to bend your will. (Will+)


Message History

The bag of meat convulses!!!
The meat berserker convulses!!!
The bag of meat convulses!!! x6; Your body is wracked with pain!!!
You hear a shout!!!
Your base Maces & Flails skill increases to level 18!!!
Your base Polearms skill increases to level 18!!!
Your base Slings skill increases to level 18!!!
Your Armour skill increases to level 18!!!
Your Stealth skill increases to level 20!!!
Your Unarmed Combat skill increases to level 18!!!
Your Spellcasting skill increases to level 18!!!
Your Invocations skill increases to level 25!!!
You take 48 damage, and have 149/197 hp!
MASSIVE DAMAGE!!!!!!
Really walk into that cloud of flame?
A destroyer comes into view! It is wielding a +9 vorpal great sword!
The destroyer appears out of thin air!!!
A destroyer comes into view! It is wielding a +9 vorpal great sword!
You are engulfed in blazing flames!
You hear a shout!!! x5
The bag of meat is engulfed in blazing flames!
You hear a shout!!!
The bag of meat is engulfed in blazing flames!
You hear a shout!!!
The bag of meat is engulfed in blazing flames!
The destroyer gestures at you while chanting!
The destroyer blinks!!!
The destroyer shouts!!!
Items here: ))) === †!
You take 13 damage, and have 136/197 hp!
The bag of meat attacks as you move away!!!
The bag of meat hits you with a +9 war axe!!!!!!
The destroyer appears out of thin air!!!
A destroyer comes into view! It is wielding a +9 vorpal great sword!
You hear a shout!!! x2
The large bag of meat is struck by your spines!
Flame seeps out of the large bag of meat!
The large bag of meat hits you with a +9 giant spiked club!!!!!!!!!!!!
DANG; * * * don't die
* * * The large bag of meat hits you with a +9 giant spiked club!!!!!!!!! rip

....#_.<)_#......
....#.....#......
......._)........
......###).......
.###.....).###...
#.§§))))# ....
..#.§)o§).#.....
.oo.o§oo§....V...
.o.oO.§§.@.....#
.Vo.......O...#..
.D..o......o##...
..#........#.....
.......@...#..V
##.#....... ....
........... §..
..#.....## #..


You could see The Servant, 2 destroyers, a large bag of meat (inner flame), a
meat berserker (berserk) and 9 bags of meat.

Vanquished Creatures
  5 vampire knights (D)
  10 ogres (D)
  2 two-headed ogres (D)
  19 orcs (D)
36 creatures vanquished.

Notes
Turn   | Place    | Note
-------+----------+-------------------------------------------
     0 | D        | Found the +∞ Axe of Woe
     0 | D        | namelastname112 the Demonspawn Gladiator began the quest
                  | for the Orb.
     0 | D        | Reached XP level 1. HP: 16/16 MP: 1/1
     2 | D        | Noticed a meat berserker
     2 | D        | Noticed a bag of meat
     4 | D        | Became a worshipper of Makhleb the Destroyer
     4 | D        | Noticed a bag of meat
     4 | D        | Noticed a bag of meat
     4 | D        | Noticed a bag of meat
     5 | D        | Noticed a meat berserker
     5 | D        | Noticed a bag of meat
     6 | D        | Killed a meat berserker
     7 | D        | Gained mutation: You are surrounded by a mild repulsion
                  | field. (EV +2) [demonic ancestry]
     7 | D        | Reached XP level 2. HP: 41/41 MP: 2/2
     7 | D        | Gained mutation: You are partially covered in sharp spines.
                  | [demonic ancestry]
     7 | D        | Reached XP level 3. HP: 47/47 MP: 3/3
     7 | D        | Gained mutation: You regenerate a little health from kills.
                  | [demonic ancestry]
     7 | D        | Reached XP level 4. HP: 54/54 MP: 4/4
     7 | D        | Gained mutation: You regenerate health from kills. [demonic
                  | ancestry]
     7 | D        | Reached XP level 5. HP: 60/60 MP: 5/5
     7 | D        | Gained mutation: You have large cloven feet. [demonic
                  | ancestry]
     7 | D        | Reached XP level 6. HP: 67/67 MP: 6/6
     7 | D        | Gained mutation: You are surrounded by a moderate repulsion
                  | field. (EV +3) [demonic ancestry]
     7 | D        | Reached XP level 7. HP: 73/73 MP: 7/7
     7 | D        | Gained mutation: You are surrounded by a strong repulsion
                  | field. (EV +4, RMsl) [demonic ancestry]
     7 | D        | Reached XP level 8. HP: 80/80 MP: 8/8
     7 | D        | Gained mutation: You have hoof-like feet. [demonic
                  | ancestry]
     7 | D        | Reached XP level 9. HP: 86/86 MP: 9/9
     7 | D        | Reached XP level 10. HP: 93/93 MP: 10/10
     7 | D        | Gained mutation: You are mostly covered in sharp spines.
                  | [demonic ancestry]
     7 | D        | Reached XP level 11. HP: 99/99 MP: 11/11
     7 | D        | Noticed a bag of meat
     8 | D        | Killed a meat berserker
     8 | D        | Reached * piety under Makhleb
     9 | D        | Reached skill level 15 in Fighting
     9 | D        | Reached XP level 12. HP: 111/111 MP: 12/12
     9 | D        | Reached XP level 13. HP: 117/117 MP: 13/13
     9 | D        | Killed a bag of meat
     9 | D        | Killed a bag of meat
     9 | D        | Killed a bag of meat
     9 | D        | Reached ** piety under Makhleb
     9 | D        | Noticed a meat berserker
     9 | D        | Noticed a bag of meat
    10 | D        | Reached XP level 14. HP: 130/130 MP: 14/14
    10 | D        | Noticed a bag of meat
    10 | D        | Noticed a bag of meat
    11 | D        | Noticed a bag of meat
    11 | D        | Noticed a bag of meat
    11 | D        | Noticed a bag of meat
    12 | D        | Killed a bag of meat
    13 | D        | Killed a meat berserker
    14 | D        | Noticed a bag of meat
    15 | D        | Killed a bag of meat
    15 | D        | Reached *** piety under Makhleb
    15 | D        | Killed a bag of meat
    15 | D        | Killed a bag of meat
    16 | D        | Gained mutation: You have hooves in place of feet. [demonic
                  | ancestry]
    16 | D        | Reached XP level 15. HP: 144/144 MP: 15/15
    16 | D        | Reached **** piety under Makhleb
    16 | D        | Noticed a meat berserker
    17 | D        | Reached skill level 27 in Axes
    18 | D        | Gained mutation: You regenerate a lot of health from kills.
                  | [demonic ancestry]
    18 | D        | Reached XP level 16. HP: 157/157 MP: 16/16
    18 | D        | Noticed a meat berserker
    18 | D        | Noticed a meat berserker
    19 | D        | Noticed a large bag of meat
    19 | D        | Reached ***** piety under Makhleb
    19 | D        | Noticed a destroyer
    19 | D        | Noticed a meat berserker
    19 | D        | Noticed a large bag of meat
    20 | D        | Noticed a meat berserker
    21 | D        | Killed a meat berserker
    22 | D        | Noticed a destroyer
    22 | D        | Noticed a meat berserker
    22 | D        | Noticed a destroyer
    22 | D        | Noticed a meat berserker
    23 | D        | Killed a meat berserker
    23 | D        | Killed a destroyer
    23 | D        | Noticed a destroyer
    24 | D        | Reached skill level 27 in Fighting
    24 | D        | Reached skill level 27 in Throwing
    24 | D        | Reached skill level 27 in Dodging
    24 | D        | Reached skill level 1 in Maces & Flails
    24 | D        | Reached skill level 1 in Stealth
    24 | D        | Reached skill level 1 in Invocations
    24 | D        | Reached XP level 17. HP: 165/174 MP: 16/18
    24 | D        | Killed a meat berserker
    25 | D        | Reached skill level 5 in Maces & Flails
    25 | D        | Reached skill level 5 in Stealth
    25 | D        | Killed a meat berserker
    25 | D        | Killed a destroyer
    25 | D        | Reached ****** piety under Makhleb
    25 | D        | Killed a destroyer
    26 | D        | Reached skill level 10 in Maces & Flails
    26 | D        | Reached skill level 10 in Polearms
    26 | D        | Reached skill level 10 in Slings
    26 | D        | Reached skill level 10 in Armour
    26 | D        | Reached skill level 10 in Unarmed Combat
    26 | D        | Reached skill level 10 in Spellcasting
    26 | D        | Reached skill level 15 in Invocations
    26 | D        | Gained mutation: You are completely covered in sharp
                  | spines. [demonic ancestry]
    26 | D        | Reached XP level 18. HP: 182/182 MP: 16/32
    26 | D        | Killed a meat berserker
    27 | D        | Noticed a destroyer
    27 | D        | Killed a large bag of meat
    27 | D        | Killed a destroyer
    27 | D        | Killed a large bag of meat
    27 | D        | Killed a meat berserker
    27 | D        | Noticed a large bag of meat
    28 | D        | Reached skill level 15 in Maces & Flails
    28 | D        | Reached skill level 15 in Polearms
    28 | D        | Reached skill level 15 in Slings
    28 | D        | Reached skill level 15 in Armour
    28 | D        | Reached skill level 15 in Unarmed Combat
    28 | D        | Reached skill level 15 in Spellcasting
    28 | D        | Gained mutation: You punish those that try to bend your
                  | will. (Will+) [demonic ancestry]
    28 | D        | Reached XP level 19. HP: 132/189 MP: 16/38
    28 | D        | Killed a meat berserker
    29 | D        | Gained mutation: You are resistant to unholy torment.
                  | [demonic ancestry]
    29 | D        | Reached XP level 20. HP: 197/197 MP: 16/41
    29 | D        | Noticed a meat berserker
    29 | D        | Noticed an eight-headed meat hydra
    30 | D        | Killed a destroyer
    30 | D        | Noticed The Servant
    31 | D        | Noticed a destroyer
    31 | D        | Noticed a destroyer
    32 | D        | Annihilated by a large bag of meat

Illustrated notes

Levels and vault maps discovered:
D:        meatsprint

Skill      XL: |  1  2  3  4  5  6  7  8  9 10 11 12 13 14 15 16 17 18 19 20 |
---------------+-------------------------------------------------------------+-----
Fighting       | 13 15 18 21 23 27 | 27.0
Axes           | 17 20 22 26 27 | 27.0
Throwing       | 12 14 16 19 21 27 | 27.0
Dodging        | 12 14 16 19 21 27 | 27.0
Maces & Flails | 1 10 15 17 18 | 18.7
Stealth        | 1 11 17 18 20 | 20.2
Invocations    | 1 15 21 23 25 | 25.4
Polearms       | 10 15 17 18 | 18.7
Slings         | 10 15 17 18 | 18.7
Armour         | 10 15 17 18 | 18.7
Unarmed Combat | 10 15 17 18 | 18.8
Spellcasting   | 10 15 17 18 | 18.7

Action                   |  1- 3 |  4- 6 |  7- 9 | 10-12 | 13-15 | 16-18 | 19-21 || total
-------------------------+-------+-------+-------+-------+-------+-------+-------++-------
Melee: Executioner's axe |     1 |       |       |     1 |     6 |     8 |     3 ||    19
Dodge: Dodged            |       |       |       |       |       |     1 |       ||     1

Table legend: (Time is in decaauts)
 A = Elapsed time spent in this place.
 B = Non-inter-level travel time spent in this place.
 C = Inter-level travel time spent in this place.
 D = Time resting spent in this place.
 E = Time spent auto-exploring this place.
 F = Levels seen in this place.
 G = Mean time per level.
                   A        B        C        D        E       F      G
               +--------+--------+--------+--------+--------+-----+--------+
         Total |     27 |     27 |      0 |      0 |      0 |   1 |   27.0 |
       Dungeon |     27 |     27 |      0 |      0 |      0 |   1 |   27.0 |
               +--------+--------+--------+--------+--------+-----+--------+

Top non-repeatable levels by time:
       D: 27 daAuts
